 Dungeon Crawl Stone Soup version 0.28-a0-845-gfc338a8e3c (webtiles) character file.

Game seed: 4685549091946867141

196041 marklar909 the Basher (level 18, 0/152 (156) HPs)
             Began as a Palentonga Fighter on Nov 13, 2021.
             Was an Initiate of Gozag.
             Slain by a peacekeeper (14 damage)
             ... summoned by a halazid warlock
             ... in the Desolation of Salt.
             The game lasted 01:29:12 (40316 turns).

marklar909 the Basher (Palentonga Fighter)         Turns: 40316, Time: 01:29:14

HP:   0/152 (156)   AC: 36    Str: 30    XL:     18   Next: 14%
MP:   0/20          EV:  6    Int: 10    God:    Gozag
Gold: 615           SH: 17    Dex: 12    Spells: 20/20 levels left

rFire   + . .      SeeInvis +   k - +8 flail of Melee {flame, rPois}
rCold   . . .      Faith    .   J - +0 tower shield {reflect}
rNeg    + . .      Spirit   +   x - +1 chain mail {rF+}
rPois   +          Reflect  +   b - +2 helmet
rElec   .          Harm     .   (no cloak)
rCorr   +          Rampage  .   K - +1 pair of gloves of Ignis's Envy {rCorr Str+7 Dex-5}
Will    +++..                   Q - +5 barding of the Hanged Man {Dex+4 Stlth+}
Stlth   ..........              H - amulet "Oneazif" {Spirit Will++}
HPRegen 0.35/turn               s - +4 ring of slaying
MPRegen 0.17/turn               N - ring of positive energy

@: spiked, studying 2 skills, lightly drained, curled up
A: large, rugged brown scales 3, see invisible, deformed body, roll 1, armoured
tail, reflexive curl
a: Rolling Charge, Renounce Religion, Potion Petition, Call Merchant, Bribe
Branch


You were in the Desolation of Salt.
You worshipped Gozag.
Gozag was pleased with you.
You visited 5 branches of the dungeon, and saw 21 of its levels.
You also visited: Bailey and Desolation.

You collected 8672 gold pieces.
You spent 3472 gold pieces at shops.
You paid 4585 gold pieces to Gozag.

Inventory:

Hand Weapons
 k - the +8 flail of Melee (weapon) {flame, rPois}
   (You found it on level 6 of the Lair of Beasts)

   It burns those it strikes, dealing additional fire damage.
   rPois:     It protects you from poison.
 l - the +4 demon whip "Xoas" {flame, rF+ Str+2 Dex+3}
   (You acquired it on level 2 of the Orcish Mines)

   It burns those it strikes, dealing additional fire damage.
   Str:       It affects your strength (+2).
   Dex:       It affects your dexterity (+3).
   rF:        It protects you from fire.
 r - the +1 eveningstar of Superiority {speed, *Noise Str+3 Int+4}
   (You found it in the Desolation of Salt)

   Attacks with this weapon are significantly faster.
   Str:       It affects your strength (+3).
   Int:       It affects your intelligence (+4).
   *Noise:    It may make noises in combat.
Missiles
 a - 4 throwing nets
Armour
 b - a +2 helmet (worn)
 w - a +2 plate armour of poison resistance
 x - a +1 chain mail of fire resistance (worn)
 J - a +0 tower shield of reflection (worn)
 K - the +1 pair of gloves of Ignis's Envy (worn) {rCorr Str+7 Dex-5}
   (You bought it in a shop on level 2 of the Orcish Mines)

   Str:       It affects your strength (+7).
   Dex:       It affects your dexterity (-5).
   rCorr:     It protects you from acid and corrosion.
 Q - the +5 barding of the Hanged Man (worn) {Dex+4 Stlth+}
   (You acquired it on level 6 of the Lair of Beasts)

   Dex:       It affects your dexterity (+4).
   Stlth:     It makes you more stealthy.
Magical Staves
 I - a staff of conjuration
Jewellery
 c - a ring of resist corrosion
 j - an amulet of reflection
 m - a ring of flight
 s - a +4 ring of slaying (left hand)
 D - a +4 ring of evasion
 H - the amulet "Oneazif" (around neck) {Spirit Will++}
   (You found it on level 10 of the Dungeon)

   [amulet of guardian spirit]

   It causes incoming damage to be divided between your reserves of health and
   magic.
   Will:      It greatly increases your willpower.
 N - a ring of positive energy (right hand)
Wands
 h - a wand of digging (2)
 q - a wand of acid (4)
 t - a wand of charming (10)
 A - a wand of paralysis (4)
 E - a wand of mindburst (3)
Scrolls
 o - 3 scrolls of silence
 z - 4 scrolls of fog
 O - a scroll of immolation
 P - a scroll of amnesia
 T - 3 scrolls of magic mapping
Potions
 f - 2 potions of mutation
 g - 5 potions of lignification
 n - 2 potions of cancellation
 p - 4 potions of flight
 C - a potion of magic
 F - a potion of degeneration {unknown}
 R - 7 potions of ambrosia
 U - 2 potions of resistance
Miscellaneous
 d - a condenser vane (inert)
 e - a lightning rod (4/4)


   Skills:
 * Level 14.1 Fighting
 + Level 14.2 Maces & Flails
 + Level 1.1 Throwing
 * Level 12.0 Armour
 + Level 4.6 Dodging
 + Level 3.9 Stealth
 + Level 13.5 Shields
 + Level 1.7 Spellcasting
 + Level 1.5 Conjurations
 + Level 2.0 Hexes
 + Level 1.7 Necromancy
 + Level 1.9 Translocations
 + Level 1.5 Earth Magic
 * Level 10.3 Evocations


You had 20 spell levels left.
You didn't know any spells.
Your spell library contained the following spells:

 Spells                   Type           Power      Damage    Failure   Level
 Slow                     Hex            16%        N/A       56%         1
 Magic Dart               Conj           12%        1d3       63%         1
 Searing Ray              Conj           6%         2d4       77%         2
 Confusing Touch          Hex            4%         N/A       90%         3
 Gell's Gravitas          Tloc           4%         N/A       91%         3
 Teleport Other           Tloc           4%         N/A       91%         3
 Dazzling Flash           Conj/Hex       8%         N/A       92%         3
 Call Imp                 Summ           0%         N/A       93%         2
 Vampiric Draining        Necr           4%         2d6       93%         3
 Mephitic Cloud           Conj/Pois/Air  1%         N/A       98%         3
 Ignite Poison            Fire/Tmut/Pois 0%         N/A       99%         3
 Fulminant Prism          Conj/Hex       2%         3d6       100%        4
 Iskenderun's Mystic Bla  Conj/Tloc      4%         2d3       100%        4
 Freezing Cloud           Conj/Ice/Air   0%         6-21      100%        5
 Yara's Violent Unravell  Hex/Tmut       1%         3d3       100%        5
 Dispersal                Tloc           2%         N/A       100%        6
 Simulacrum               Ice/Necr       1%         N/A       100%        6
 Starburst                Conj/Fire      1%         6d3       100%        6
 Disjunction              Tloc           2%         N/A       100%        8
 Polar Vortex             Ice            0%         N/A       100%        9


Dungeon Overview and Level Annotations

Branches:
Dungeon (11/15)            Temple (1/1) D:4            Lair (6/6) D:10
 Shoals (0/4) Lair:4        Snake (0/4) Lair:3        Slime (0/5) Lair:6
    Orc (2/2) D:10            Elf (1/3) Orc:2        Bailey (visited)
Desolation (1/1)

Altars:
Ashenzari
Gozag
Hepliaklqana
Makhleb
Nemelex Xobeh
Okawaru
Ru
Sif Muna
Trog
Uskayaw
Vehumet
Wu Jian
Beogh
Jiyva

Shops:
Orc:2 **=[   Elf:1 *   Lair:5 *

Portals:
Pandemonium: Orc:2
Trove: D:11 (give 16 scrolls of teleportation)
Gauntlet: Lair:5

Annotations:
Lair:2 3 runed translucent doors, Yjos's ghost, journeyman NaDe


Innate Abilities, Weirdness & Mutations

You are completely covered in rugged brown scales. (AC +3, +7% HP)
You have supernaturally acute eyesight. (SInv)
Armour fits poorly on your strangely shaped body.
You can roll at nearby foes to attack.
You have a long armoured tail.
You curl defensively after being hit. (AC +7*)


Message History

The peacekeeper hurls a volley of spikes at you.
The volley of spikes hits you but does no damage.
The saltling is distracted by your dazzling golden aura.
The peacekeeper hurls a volley of spikes at you.
The volley of spikes hits you.
The barbed spikes become lodged in your body.
* * * LOW HITPOINT WARNING * * *
Unknown command.
The barbs in your skin will harm you if you move.
Continue?
Okay, then.
You feel better.
The saltling is distracted by your dazzling golden aura.
The peacekeeper bites you but does no damage.
The peacekeeper claws you but does no damage.
The saltling hits you.
* * * LOW HITPOINT WARNING * * *
You block the peacekeeper's attack.
The peacekeeper claws you but does no damage.
You feel better. You block the peacekeeper's attack.
The peacekeeper claws you but does no damage.
You block the peacekeeper's attack. x2
The saltling hits you but does no damage.
The peacekeeper bites you but does no damage.
The peacekeeper claws you!
* * * LOW HITPOINT WARNING * * *
You block the peacekeeper's attack.
The peacekeeper claws you but does no damage.
Drinking this now will have no effect.
Unknown command.
Okay, then.
Okay, then.
Okay, then.
As you read the scroll of summoning, it crumbles to dust.
Wisps of shadow whirl around you... You block the saltling's attack.
The saltling hits your saltling. The peacekeeper completely misses you.
The peacekeeper claws you but does no damage.
The guardian serpent barely misses your saltling.
The peacekeeper bites you!
You die...
Your body crumbles into a pile of gold.

............................#.#..
............................#....
.................................
..................$).............
.......).......9.$.#.............
.........)...a.aS$.#........)....
..............9aL99.p............
..............9999.9.)...........
#..............9@................
..........∩.∩.a..99...)..........
..............9..................
..........................#......
..##...........9.................
.................................
.............##..................
)............#...................
.................................


You could see a servant of whispers (summoned, stilling wind, poisoned), a
halazid warlock, 2 peacekeepers, a guardian serpent (summoned, ally target), 4
saltlings, 2 friendly ragged hierophants, a friendly servant of whispers
(summoned), a friendly ironbound convoker (summoned) and 8 friendly saltlings.

Vanquished Creatures
  Saint Roka (Orc:2)
  An orc warlord (Bailey)
  3 imperial myrmidons (Desolation)
  2 crystal guardians (Desolation)
  6 ragged hierophants (Desolation)
  A fire dragon (Lair:1)
  Josephine (Orc:2)
  11 peacekeepers (Desolation)
  7 hydras
  A catoblepas (Lair:3)
  6 servants of whispers (Desolation)
  Harold (D:11)
  4 two-headed ogres
  2 demonspawn (Orc:2)
  A boulder beetle (Lair:4)
  10 death yaks
  9 orc high priests
  A sun demon (Orc:2)
  2 goliath frogs (Lair:6)
  7 orc knights
  4 ironbound convokers (Desolation)
  An oklob plant (Lair:4)
  5 deep elf zephyrmancers (Elf:1)
  4 orc sorcerers (Orc:2)
  5 deep elf pyromancers (Elf:1)
  A cyclops (D:11)
  A merfolk siren (Lair:4)
  4 black mambas
  21 elephants
  3 guardian serpents (Desolation)
  An orange demon (Orc:2)
  2 molten gargoyles (Desolation)
  A torpor snail (Lair:3)
  18 cane toads
  7 komodo dragons
  2 rime drakes (Lair:5)
  Psyche (D:11)
  2 red devils (Orc:2)
  A queen bee (Lair:3)
  4 trolls
  A polar bear (Lair:4)
  3 tyrant leeches (Lair:6)
  56 saltlings (Desolation)
  6 dream sheep (Lair:5)
  34 blink frogs
  Sigmund (D:2)
  9 wyverns
  8 wraiths
  50 yaks
  8 basilisks
  A chaos spawn (Orc:2)
  7 vampire mosquitoes
  A steam dragon (D:7)
  5 wargs
  3 nagas (Lair:3)
  23 water moccasins
  2 acid dragons
  48 orc warriors
  An ice beast (D:7)
  A sky beast (D:8)
  4 necrophages
  33 wolves
  6 ogres
  6 centaurs
  2 phantoms
  2 scorpions
  19 bullfrogs
  Blork the orc (D:4)
  2 gnoll sergeants
  A water moccasin skeleton (D:5)
  7 wights
  33 killer bees
  4 howler monkeys
  A bullfrog zombie (D:6)
  3 centaur zombies
  A jelly (D:5)
  25 orc priests
  A hound (D:5)
  2 centaur skeletons
  Jessica (D:2)
  Terence (D:3)
  2 hell rats (Lair:5)
  12 orc wizards
  An iguana (D:10)
  A killer bee zombie (D:9)
  A hound skeleton (D:5)
  Robin (D:2)
  7 adders
  19 gnolls
  8 river rats (Lair:5)
  A shadow imp (D:7)
  A white imp (D:6)
  3 worms (D:2)
  6 dart slugs
  96 orcs
  2 ball pythons
  7 endoplasms
  4 giant cockroaches
  35 goblins
  34 hobgoblins
  A quokka (D:3)
  5 bats
  2 frilled lizards
  7 kobolds
  8 rats
852 creatures vanquished.

Vanquished Creatures (others)
  3 dancing weapons (Elf:1)
  An orc priest (Orc:2)
  An orc wizard (D:5)
  91 fungi
  182 plants
278 creatures vanquished.

Grand Total: 1130 creatures vanquished

Notes
Turn   | Place    | Note
-------+----------+-------------------------------------------
     0 | D:1      | marklar909 the Palentonga Fighter began the quest for the
                  | Orb.
     0 | D:1      | Reached XP level 1. HP: 19/19 MP: 1/1
   300 | D:1      | Reached XP level 2. HP: 25/25 MP: 2/2
   480 | D:1      | Found a faded altar of an unknown god.
  1213 | D:2      | Noticed Jessica
  1233 | D:2      | Killed Jessica
  1234 | D:2      | Reached XP level 3. HP: 16/31 MP: 3/3
  1930 | D:2      | Noticed Robin
  1946 | D:2      | Reached XP level 4. HP: 37/37 MP: 4/4
  2257 | D:2      | Killed Robin
  2646 | D:2      | Noticed Sigmund
  2739 | D:3      | Noticed Terence
  2769 | D:2      | Killed Sigmund
  2770 | D:2      | Reached skill level 1 in Evocations
  2770 | D:2      | Reached XP level 5. HP: 22/44 MP: 5/5
  2770 | D:2      | Reached XP level 6. HP: 26/51 MP: 6/6
  2922 | D:3      | Killed Terence
  3369 | D:3      | Found a shimmering blue altar of Sif Muna.
  4502 | D:4      | Found a sand-covered staircase.
  4508 | D:4      | Noticed Blork the orc
  4535 | D:5      | Entered Level 5 of the Dungeon
  4738 | D:5      | Gained mutation: You curl defensively after being hit. (AC
                  | +7*) [Palentonga growth]
  4738 | D:5      | Reached XP level 7. HP: 13/57 MP: 7/7
  5096 | D:5      | Reached skill level 5 in Maces & Flails
  5319 | D:5      | Reached skill level 1 in Dodging
  6641 | D:4      | Killed Blork the orc
  6642 | D:4      | Reached XP level 8. HP: 61/65 MP: 8/8
  7459 | D:4      | Found a staircase to the Ecumenical Temple.
  7566 | Temple   | Entered the Ecumenical Temple
  7572 | Temple   | Became a worshipper of Gozag Ym Sagoz the Greedy
  8383 | D:6      | Reached skill level 5 in Fighting
  8658 | D:6      | Reached skill level 5 in Armour
  9723 | D:7      | Reached XP level 9. HP: 61/72 MP: 9/9
  9928 | D:7      | Reached skill level 5 in Shields
 10378 | D:7      | Found a hide-covered altar of Uskayaw.
 10476 | D:7      | Found a sacrificial altar of Ru.
 10960 | D:8      | Noticed a troll
 11377 | D:8      | Killed a troll
 11378 | D:8      | Reached skill level 1 in Stealth
 12071 | D:9      | Noticed a two-headed ogre
 12087 | D:9      | Killed a two-headed ogre
 12088 | D:9      | Reached XP level 10. HP: 81/81 MP: 10/10
 12126 | D:9      | Identified the +5 trident "Rofon" {venom, *Noise rPois
                  | Int-3 Dex+6}
 12159 | D:9      | Found a hazy altar of Hepliaklqana.
 12633 | D:9      | Noticed a two-headed ogre
 12660 | D:9      | Killed a two-headed ogre
 12800 | D:9      | Found a bloodstained altar of Trog.
 12916 | D:9      | Noticed a two-headed ogre
 12922 | D:9      | Killed a two-headed ogre
 12952 | D:10     | Entered Level 10 of the Dungeon
 13412 | D:10     | Found a staircase to the Lair.
 13585 | D:10     | Reached XP level 11. HP: 88/88 MP: 11/11
 13609 | D:10     | Found a radiant altar of Vehumet.
 13927 | D:10     | Identified the amulet "Oneazif" {Spirit Will++}
 14383 | D:10     | Found a staircase to the Orcish Mines.
 14765 | D:10     | Reached skill level 10 in Maces & Flails
 14894 | D:10     | Noticed an orc knight
 14925 | D:10     | Killed an orc knight
 15435 | D:11     | Noticed Harold
 15448 | D:11     | Killed Harold
 15700 | D:11     | Found a portal to a secret trove of treasure.
 16098 | D:11     | Noticed Psyche
 16100 | D:11     | Noticed a two-headed ogre
 16100 | D:11     | Killed Psyche
 16112 | D:11     | Killed a two-headed ogre
 16828 | Lair:1   | Entered Level 1 of the Lair of Beasts
 17304 | Lair:1   | Reached XP level 12. HP: 66/100 MP: 12/12
 17728 | Lair:1   | Identified the +8 short sword "Puorch" {freeze, Fragile
                  | rF++ rC+}
 17758 | Lair:1   | Noticed a four-headed hydra
 17768 | Lair:1   | Killed a four-headed hydra
 18175 | Lair:1   | Noticed a fire dragon
 18189 | Lair:1   | Killed a fire dragon
 18564 | Lair:2   | Found a runed translucent gate.
 18564 | Lair:2   | Found a runed translucent gate.
 18564 | Lair:2   | Found a runed translucent gate.
 18566 | Lair:2   | Noticed Yjos's ghost (journeyman NaDe)
 19218 | Lair:2   | Noticed a death yak
 19219 | Lair:2   | Noticed a death yak
 19219 | Lair:2   | Noticed a death yak
 19220 | Lair:2   | Noticed a death yak
 19220 | Lair:2   | Noticed a death yak
 19260 | Lair:2   | Killed a death yak
 19670 | Lair:2   | Noticed a seven-headed hydra
 20103 | Lair:2   | Killed a seven-headed hydra
 21038 | Lair:2   | Killed a death yak
 21039 | Lair:2   | Reached skill level 5 in Evocations
 21043 | Lair:2   | Killed a death yak
 21076 | Lair:2   | Killed a death yak
 21107 | Lair:2   | Killed a death yak
 21612 | Lair:3   | Found a runed translucent door.
 21918 | Lair:3   | Found a staircase to the Snake Pit.
 22226 | Lair:3   | Noticed a catoblepas
 22235 | Lair:3   | Killed a catoblepas
 22236 | Lair:3   | Reached XP level 13. HP: 102/110 MP: 13/13
 23282 | Lair:3   | Reached skill level 10 in Fighting
 25449 | Lair:4   | Found a staircase to the Shoals.
 27069 | Lair:5   | Reached XP level 14. HP: 105/120 MP: 14/14
 27138 | Lair:5   | Reached skill level 10 in Shields
 27974 | Lair:5   | Reached skill level 10 in Armour
 28273 | Lair:5   | Bought an ichor-stained mace for 232 gold pieces
 28273 | Lair:5   | Identified the +4 mace of Past Mistakes {distort, Str+3}
                  | (You bought it in a shop on level 5 of the Lair of Beasts)
 28273 | Lair:5   | Bought a scroll of identify for 58 gold pieces
 28273 | Lair:5   | Bought a shiny opal ring for 145 gold pieces
 28309 | Lair:6   | Entered Level 6 of the Lair of Beasts
 28309 | Lair:6   | Found a gate leading to a gauntlet.
 30343 | Lair:6   | Found a viscous altar of Jiyva.
 30344 | Lair:6   | Found a staircase to the Slime Pits.
 30550 | Lair:6   | Identified a scroll of acquirement
 30550 | Lair:6   | Acquired the +5 barding of the Hanged Man {Dex+4 Stlth+}
 30765 | Lair:6   | Identified the +6 hunting sling "Oginwie" {vorpal, rF+ rC+
                  | rN+}
 31895 | Lair:6   | Identified the +8 flail of Melee {flame, rPois}
 32083 | Orc:1    | Entered Level 1 of the Orcish Mines
 32086 | Orc:1    | Found a flagged portal.
 32123 | Bailey   | Entered a bailey
 32485 | Bailey   | Noticed an orc warlord
 32869 | Bailey   | Killed an orc warlord
 32951 | Bailey   | Acquired a manual of Shields
 33029 | Orc:1    | Found an iron altar of Okawaru.
 33592 | Orc:2    | Entered Level 2 of the Orcish Mines
 33622 | Orc:2    | Found a staircase to the Elven Halls.
 33625 | Orc:2    | Noticed Saint Roka
 33934 | Orc:2    | Killed Saint Roka
 33935 | Orc:2    | Reached XP level 15. HP: 79/130 MP: 15/15
 34627 | Orc:2    | Found Guunet's General Store.
 34730 | Orc:2    | Noticed Josephine
 34742 | Orc:2    | Killed Josephine
 35100 | Orc:2    | Found Meddus's General Store.
 35183 | Orc:2    | Bought a potion of heal wounds for 75 gold pieces
 35183 | Orc:2    | Bought a scroll of acquirement for 780 gold pieces
 36474 | Orc:2    | Found Vios's Antique Armour Boutique.
 36474 | Orc:2    | Found Iptemp's Jewellery Shop.
 36475 | Orc:2    | Found a one-way gate leading to the halls of Pandemonium.
 36477 | Orc:2    | Bought a translucent tower shield for 313 gold pieces
 36477 | Orc:2    | Identified the +0 tower shield of Marbles {rN+} (You bought
                  | it in a shop on level 2 of the Orcish Mines)
 36477 | Orc:2    | Bought a glowing tower shield for 247 gold pieces
 36477 | Orc:2    | Bought a pair of faintly glowing gloves for 313 gold pieces
 36477 | Orc:2    | Identified the +1 pair of gloves of Ignis's Envy {rCorr
                  | Str+7 Dex-5} (You bought it in a shop on level 2 of the
                  | Orcish Mines)
 36507 | Orc:2    | Acquired the +4 demon whip "Xoas" {flame, rF+ Str+2 Dex+3}
 36509 | Orc:2    | Reached skill level 1 in Throwing
 36509 | Orc:2    | Reached skill level 1 in Spellcasting
 36509 | Orc:2    | Reached skill level 1 in Hexes
 36509 | Orc:2    | Reached skill level 1 in Necromancy
 36509 | Orc:2    | Reached skill level 1 in Translocations
 36509 | Orc:2    | Reached XP level 16. HP: 139/139 MP: 15/17
 36510 | Orc:2    | Reached skill level 1 in Conjurations
 36510 | Orc:2    | Reached skill level 1 in Earth Magic
 36510 | Orc:2    | Reached XP level 17. HP: 145/145 MP: 15/19
 36732 | Lair:5   | Bought a potion of mutation for 232 gold pieces
 36732 | Lair:5   | Bought a lightning rod (4/4) for 870 gold pieces
 36732 | Lair:5   | Bought a potion of curing for 87 gold pieces
 36889 | Elf:1    | Entered Level 1 of the Elven Halls
 36979 | Elf:1    | Found a radiant altar of Vehumet.
 37414 | Elf:1    | Found Yruotus's Assorted Antiques.
 37424 | Elf:1    | Bought a sharpened copper wand for 120 gold pieces
 37572 | Elf:1    | Found a crumbling gateway.
 37584 | Desolati | Entered the Desolation of Salt
 38056 | Desolati | Identified the +1 eveningstar of Superiority {speed, *Noise
                  | Str+3 Int+4}
 38969 | Desolati | Reached skill level 10 in Evocations
 39191 | Desolati | Reached XP level 18. HP: 39/155 MP: 16/20
 40312 | Desolati | HP: 6/152 [peacekeeper[a halazid warlock] (23)]
 40316 | Desolati | Slain by a peacekeeper

Illustrated notes

Levels and vault maps discovered:
D:1:      dpeg_arrival_rooms_c, layout_basic,
          hellmonk_ecumenical_altar_leap_of_faith
D:2:      layout_basic, serial_rivers, chequers_serial_rivers_room_a,
          chequers_serial_rivers_marsh, chequers_serial_rivers_room_b,
          chequers_serial_rivers_marsh, uniq_jessica, uniq_sigmund, uniq_robin
D:3:      layout_loops_ring, mainiacjoe_overflow_alcove_2, chequers_big_river,
          kennysheep_generic_room_15, uniq_terence
D:4:      layout_loops_ring, temple_hall, enter_ossuary_1, chequers_jeans,
          uniq_blork_the_orc
D:5:      layout_basic
D:6:      layout_basic, minmay_misc_feat_roman, roderic_lattice_a,
          nrook_loot_triangle
D:7:      layout_loops_cross, jmf_multi_god_temple, minmay_misc_feat_rugged
D:8:      layout_loops_ring
D:9:      layout_rooms, lemuel_round_altar, trog_three_pillars_becter
D:10:     cheibrodos_orc_bank, layout_loops_corners, nicolae_vehumet_radiance,
          minmay_lair_entry_grove, orc_0_dummy, serial_rivers,
          chequers_serial_rivers_micro_a, chequers_serial_rivers_room_a,
          chequers_serial_rivers_marsh, chequers_serial_rivers_small_3
D:11:     layout_basic, enter_trove_6, uniq_harold, uniq_psyche
Temple:   eino_temple_rhombus
Lair:1:   dragon1_lemuel, layout_long_grid, lemuel_fruit_tree,
          grunt_megastairs_5, lemuel_fruit_fields
Lair:2:   layout_loops_ring, gammafunk_ghost_necromancy, wad_woods_river_01
Lair:3:   layout_loops_ring, minmay_snake_entry_guardpost_small, special_room
          [special_room_bee], pf_torpor_hydra
Lair:4:   layout_cave_pods, minmay_shoals_entry_lonely_mermaid,
          minmay_lair_oklob_items, grunt_megastairs_1
Lair:5:   layout_regular_city, kennysheep_rathole
Lair:6:   minmay_lair_end_frog_pond, layout_long_grid,
          dpeg_slime_entry_enclosed_altar, gauntlet_entry_generic
Orc:1:    layout_diamond_mine, enter_bailey_2, okawaru_metal_pillars_1_2
Orc:2:    pf_orc_diabolical, layout_diamond_mine, basic_altar, uniq_saint_roka,
          uniq_josephine
Elf:1:    eino_elf_arrival_altar, layout_onion_city,
          portal_desolation_entry_nicolae_slug, serial_shops,
          nicolae_lakefront_shop
Desolation

Skill      XL: |  1  2  3  4  5  6  7  8  9 10 11 12 13 14 15 16 17 18 |
---------------+-------------------------------------------------------+-----
Maces & Flails | 4 5 6 8 9 10 11 12 13 14 | 14.2
Armour         | 3 4 5 6 7 8 9 10 11 12 | 12.0
Shields        | 3 4 6 7 8 9 11 12 13 | 13.5
Evocations     | 1 2 3 5 7 8 9 10 | 10.3
Fighting       | 4 5 6 8 9 11 12 13 14 | 14.1
Dodging        | 1 2 3 4 |  4.6
Stealth        | 2 3 |  3.9
Throwing       | 1 |  1.1
Spellcasting   | 1 |  1.7
Hexes          | 1 2 |  2.0
Necromancy     | 1 |  1.7
Translocations | 1 |  1.9
Conjurations   | 1 |  1.5
Earth Magic    | 1 |  1.5

Action                   |  1- 3 |  4- 6 |  7- 9 | 10-12 | 13-15 | 16-18 || total
-------------------------+-------+-------+-------+-------+-------+-------++-------
Melee: Flail             |    86 |   178 |   388 |   627 |  1393 |   346 ||  3018
       Tailslap          |    11 |    20 |    45 |   117 |   248 |    82 ||   523
Invok: Potion Petition   |       |       |       |     3 |     3 |     2 ||     8
       Call Merchant     |       |       |       |       |     1 |       ||     1
 Abil: Rolling Charge    |       |     2 |     1 |    11 |     4 |     3 ||    21
Evoke: Wand              |       |     4 |    11 |    33 |    21 |    13 ||    82
       Lightning rod     |       |       |       |       |       |     7 ||     7
       Condenser vane    |       |       |       |       |       |     3 ||     3
  Use: Potion            |       |     2 |     2 |     4 |     4 |    10 ||    22
       Scroll            |       |     1 |     7 |     7 |    15 |     8 ||    38
 Stab: Distracted        |       |     1 |     1 |     2 |    13 |     3 ||    20
       Paralysed         |       |       |     6 |     3 |     3 |       ||    12
       Invisible         |       |       |       |     2 |    10 |       ||    12
Armor: Scale mail        |    34 |    89 |   116 |       |       |       ||   239
       Chain mail        |       |       |    89 |   225 |   321 |   207 ||   842
       Skin              |       |       |       |       |     5 |       ||     5
Dodge: Dodged            |    22 |    29 |    43 |   126 |   228 |    61 ||   509
Block: Buckler           |    20 |     7 |       |       |       |       ||    27
       Tower shield      |       |    94 |   265 |   629 |  1363 |   235 ||  2586
       Reflection        |       |       |       |     9 |     7 |     2 ||    18

Table legend: (Time is in decaauts)
 A = Elapsed time spent in this place.
 B = Non-inter-level travel time spent in this place.
 C = Inter-level travel time spent in this place.
 D = Time resting spent in this place.
 E = Time spent auto-exploring this place.
 F = Levels seen in this place.
 G = Mean time per level.
                   A        B        C        D        E       F      G
               +--------+--------+--------+--------+--------+-----+--------+
         Total |  40686 |  37363 |   3323 |   9850 |  20086 |  23 | 1769.0 |
       Dungeon |  17549 |  16299 |   1250 |   3441 |   9950 |  11 | 1595.4 |
        Temple |     12 |      1 |     11 |      0 |      0 |   1 |   12.0 |
          Lair |  15314 |  13709 |   1605 |   3886 |   7316 |   6 | 2552.3 |
  Orcish Mines |   3640 |   3200 |    440 |    958 |   1363 |   2 | 1820.0 |
   Elven Halls |    684 |    669 |     15 |     30 |    521 |   1 |  684.0 |
        Bailey |    826 |    826 |      0 |     92 |    385 |   1 |  826.0 |
    Desolation |   2657 |   2657 |      0 |   1443 |    551 |   1 | 2657.0 |
               +--------+--------+--------+--------+--------+-----+--------+

Top non-repeatable levels by time:
  Lair:1: 3004 daAuts
    D:10: 2797 daAuts
  Lair:3: 2753 daAuts
  Lair:4: 2746 daAuts
Desolation: 2657 daAuts
  Lair:5: 2485 daAuts
     D:5: 2368 daAuts
   Orc:2: 2342 daAuts
  Lair:6: 2218 daAuts
     D:2: 2158 daAuts
  Lair:2: 2106 daAuts
     D:7: 1951 daAuts
     D:4: 1428 daAuts
     D:1: 1413 daAuts
   Orc:1: 1298 daAuts
